 Dungeon Crawl Stone Soup version 0.18.1-50-g88ac8fd (webtiles) character file.

184 KarmaPolice the Vexing (level 5, -4/35 HPs)
             Began as a Vampire Enchanter on Sept 20, 2016.
             Slain by Natasha (6 damage)
             ... on level 3 of the Dungeon.
             The game lasted 00:08:12 (2743 turns).

KarmaPolice the Vexing (Vampire Enchanter)          Turns: 2743, Time: 00:08:13

Health: -4/35      AC:  4    Str:  7    XL:     5   Next: 36%
Magic:  2/9        EV: 12    Int: 18    God:
Gold:   112        SH:  0    Dex: 15    Spells: 4 memorised, 1 level left

rFire  . . .     SeeInvis +     a - +1 dagger
rCold  . . .     Gourm    .     b - +1 robe
rNeg   + . .     Faith    .     (no shield)
rPois  .         Spirit   .     (no helmet)
rElec  .         Dismiss  .     (no cloak)
rCorr  .         Reflect  .     (no gloves)
SustAt .         Harm     .     p - +0 pair of boots
MR     .....                    (no amulet)
Stlth  +++.......               (no ring)
                                (no ring)

@: slowed, very slow, not resistant to hostile enchantments, fairly stealthy
A: fangs 3, see invisible, unbreathing
a: Bat Form


You were on level 3 of the Dungeon.
You were not thirsty.

You visited 1 branch of the dungeon, and saw 3 of its levels.

You collected 112 gold pieces.

Inventory:

Hand Weapons
 a - a +1 dagger (weapon)
Armour
 b - a +1 robe (worn)
 p - a +0 pair of boots (worn)
Jewellery
 j - an uncursed ring of resist corrosion {unknown}
Scrolls
 e - 3 scrolls of enchant armour {unknown}
 f - a scroll of recharging {unknown}
 g - a scroll of noise {unknown}
 h - a scroll of teleportation {unknown}
 k - a scroll of blinking {unknown}
 m - 2 scrolls of random uselessness {unknown}
Potions
 d - 10 potions of blood
 i - a potion of heal wounds {unknown}
 l - 2 potions of berserk rage
 n - a potion of haste {unknown}
 o - a potion of curing {unknown}
Books
 c - a book of Maledictions

   Spells                             Type                      Level
   a - Corona                         Hexes                        1
   b - Ensorcelled Hibernation        Hexes/Ice                    2
   c - Confuse                        Hexes                        3
   d - Tukima's Dance                 Hexes                        3
   e - Dazzling Spray                 Conjuration/Hexes            3


   Skills:
 + Level 2.5 Short Blades
 - Level 2.1 Dodging
 - Level 5.2 Stealth
 + Level 3.0 Spellcasting
 + Level 6.0 Hexes
 + Level 1.9 Ice Magic


You had one spell level left.
You knew the following spells:

 Your Spells              Type           Power        Failure   Level  Hunger
a - Corona                Hex            ###....      1%          1    None
b - Ensorcelled Hibernat  Hex/Ice        ###...       6%          2    ##.....
c - Confuse               Hex            ###.....     4%          3    ###....
d - Tukima's Dance        Hex            ###.....     4%          3    ###....


Dungeon Overview and Level Annotations

Branches:
Dungeon (3/15)

Altars:

Annotations:
D:3 Natasha


Innate Abilities, Weirdness & Mutations

You have razor-sharp teeth.
You have supernaturally acute eyesight.
You can survive without breathing.


Message History

Natasha is lightly wounded.
Natasha claws you!
You hit Natasha.
Natasha is lightly wounded.
Natasha closely misses you.
Natasha stares at you and mumbles some strange words.
The magic dart hits you!
* * * LOW HITPOINT WARNING * * *
You hit Natasha but do no damage.
Natasha is lightly wounded.
Natasha claws you.
* * * LOW HITPOINT WARNING * * *
You hit Natasha but do no damage.
Natasha is lightly wounded.
Natasha stops glowing.
Natasha claws you.
* * * LOW HITPOINT WARNING * * *
Drink which item? (? for menu, Esc to quit)
It was a potion of berserk rage.
You feel slightly irritated. Natasha claws you.
You die...

#. #. #. #. #. ###
### ### ###
#.###.###.###.###.##
#..#.#.#.#.#.#.#.#..
#.h#.#.#.#.#.#.#.#..
###@###.###.###.####
### ### ### ###
.#############.#
...S...o.o.o...#
##############.# #.#
#.## #..#######
##.##.....


You could see Natasha.

Vanquished Creatures
  A scorpion (D:3)
  Natasha (D:3)
  4 adders
  An ooze (D:1)
  3 worms
  3 dart slugs
  A giant gecko (D:3)
  3 orcs (D:3)
  4 giant cockroaches
  7 goblins
  4 hobgoblins
  3 jackals (D:3)
  2 quokkas (D:2)
  A ball python (D:3)
  4 bats
  A giant newt (D:1)
  3 kobolds
  10 rats
56 creatures vanquished.

Notes
Turn   | Place    | Note
--------------------------------------------------------------
     0 | D:1      | KarmaPolice the Vampire Enchanter began the quest for the Orb.
     0 | D:1      | Reached XP level 1. HP: 13/13 MP: 3/3
   580 | D:1      | Reached XP level 2. HP: 19/19 MP: 5/5
   608 | D:1      | Learned a level 2 spell: Ensorcelled Hibernation
   813 | D:1      | Reached skill level 5 in Hexes
  1078 | D:1      | Reached skill level 5 in Stealth
  1400 | D:2      | Reached XP level 3. HP: 15/24 MP: 3/6
  2216 | D:3      | Noticed a scorpion
  2226 | D:3      | Killed a scorpion
  2226 | D:3      | Reached skill level 1 in Ice Magic
  2226 | D:3      | Reached XP level 4. HP: 28/30 MP: 6/8
  2335 | D:3      | Noticed Natasha
  2338 | D:3      | Killed Natasha
  2338 | D:3      | Reached XP level 5. HP: 35/35 MP: 9/9
  2558 | D:3      | Reached skill level 6 in Hexes
  2582 | D:3      | Learned a level 3 spell: Confuse
  2586 | D:3      | Learned a level 3 spell: Tukima's Dance
  2723 | D:3      | Noticed Natasha
  2743 | D:3      | Slain by Natasha

Skill      XL: |  1  2  3  4  5 |
---------------+----------------+-----
Hexes          | 5 6 |  6.0
Stealth        | 5 |  5.2
Short Blades   | 2 |  2.5
Ice Magic      | 1 |  1.9
Spellcasting   | 3 |  3.0
Dodging        | |  2.1

Action                   |  1- 3 |  4- 6 || total
-------------------------+-------+-------++-------
Melee: Dagger            |   122 |    37 ||   159
       Bite              |     3 |     2 ||     5
 Cast: Ensorcelled Hiber |    11 |    14 ||    25
       Corona            |     2 |     3 ||     5
       Confuse           |       |     1 ||     1
  Use: Potion            |       |     1 ||     1
 Stab: Sleeping          |    16 |    13 ||    29
  Eat: Corpse            |     9 |     1 ||    10
Armor: Robe              |    22 |     5 ||    27
Dodge: Dodged            |    77 |    15 ||    92
